 Dungeon Crawl Stone Soup version 0.27.1-2-g3b301248ec (webtiles) character file.

Game seed: 2329839295347828459

13 nxtlvl the Chopper (level 2, 0/26 HPs)
             Began as a Hill Orc Monk on Sept 25, 2021.
             Slain by a hound (1 damage)
             ... on level 4 of the Dungeon.
             The game lasted 00:01:57 (316 turns).

nxtlvl the Chopper (Hill Orc Monk)                   Turns: 316, Time: 00:01:58

Health: 0/26       AC:  3    Str: 13    XL:     2   Next: 37%
Magic:  2/2        EV: 12    Int: 10    God:
Gold:   4          SH:  0    Dex: 13    Spells: 1/1 levels left

rFire    . . .     SeeInvis .   a - +0 hand axe
rCold    . . .     Faith    .   (no shield)
rNeg     . . .     Spirit   .   c - +0 leather armour
rPois    .         Reflect  .   (no helmet)
rElec    .         Harm     .   (no cloak)
rCorr    .         Rampage  .   (no gloves)
Will     .....                  (no boots)
Stlth    ++........             (no amulet)
HPRegen  0.08/turn              (no ring)
MPRegen  0.08/turn              (no ring)

@: no status effects
A: no striking features
a: no special abilities


You were on level 4 of the Dungeon.
You visited 1 branch of the dungeon, and saw 4 of its levels.

You collected 4 gold pieces.

Inventory:

Hand Weapons
 a - a +0 hand axe (weapon)
 b - a +0 hunting sling
Armour
 c - a +0 leather armour (worn)
Scrolls
 d - 3 scrolls of enchant weapon {unknown}
Potions
 e - a potion of invisibility {unknown}
 f - a potion of curing {unknown}


   Skills:
 - Level 3.6 Fighting
 * Level 5.0 Axes
 - Level 2.4 Dodging
 - Level 1.5 Stealth


You had one spell level left.
You didn't know any spells.
Your spell library was empty.

Dungeon Overview and Level Annotations

Branches:
Dungeon (4/15)
 Temple: D:4-7

Altars:

Annotations:
D:2 Sigmund


Message History

You miss the hound. The hound closely misses you. The hound barely misses you.
You barely miss the hound. The hound bites you. The hound misses you.
You hit the hound but do no damage. The hound bites you.
You closely miss the hound. The hound barely misses you. The hound bites you.
You hit the hound but do no damage. The hound bites you.
You hit the hound.
The hound is moderately wounded.
The hound bites you.
* * * LOW HITPOINT WARNING * * *
The hound bites you but does no damage.
You barely miss the hound.
The hound is moderately wounded.
The hound bites you but does no damage.
You barely miss the hound.
The hound is moderately wounded.
The hound bites you.
* * * LOW HITPOINT WARNING * * *
The hound completely misses you.
You hit the hound.
The hound is heavily wounded.
The hound closely misses you. x2
You completely miss the hound.
The hound is heavily wounded.
The hound misses you.
You hit the hound.
The hound is severely wounded.
The hound bites you.
* * * LOW HITPOINT WARNING * * *
The hound barely misses you.
You hit the hound but do no damage.
The hound is severely wounded.
The hound closely misses you.
You hit the hound.
The hound is severely wounded.
The hound closely misses you. The hound bites you.
* * * LOW HITPOINT WARNING * * *
You miss the hound.
The hound is severely wounded.
The hound bites you.
You die...

... . ...... ### ...
...>... ##.##.....
....... #.@......(
.......###h##........
............#..#......
..........###.##......
..........# #.##.......
..........###......##..
#........##.......... .
#.........#.........# ..
...#...............##...


You could see a hound.

Vanquished Creatures
  A worm (D:2)
  2 endoplasms
  2 goblins
  A hobgoblin (D:1)
  A quokka (D:2)
  A ball python (D:2)
  A rat (D:2)
9 creatures vanquished.

Notes
Turn   | Place    | Note
-------+----------+-------------------------------------------
     0 | D:1      | nxtlvl the Hill Orc Monk began the quest for the Orb.
     0 | D:1      | Reached XP level 1. HP: 19/19 MP: 1/1
    46 | D:2      | Noticed Sigmund
   146 | D:2      | Reached XP level 2. HP: 19/26 MP: 2/2
   244 | D:4      | Noticed an ogre
   278 | D:4      | Noticed a necrophage
   292 | D:4      | Reached skill level 5 in Axes
   315 | D:4      | HP: 1/26 [hound (2)]
   316 | D:4      | Slain by a hound

Illustrated notes

Levels and vault maps discovered:
D:1:      dpeg_arrival_solitude, layout_basic
D:2:      layout_basic, dilly_ecumenical_altar_fadedgnrine, uniq_terence,
          uniq_sigmund
D:3:      layout_loops_corners, serial_shops, shop
D:4:      layout_cave_pools, minmay_fractal_squares_diagonal_5

Skill      XL: |  1  2 |
---------------+-------+-----
Axes           | 5 |  5.0
Fighting       | |  3.6
Dodging        | |  2.4
Stealth        | |  1.5

Action                   || total
-------------------------++-------
Melee: Hand axe          ||    48
 Stab: Sleeping          ||     3
Armor: Robe              ||     2
       Leather armour    ||     2
Dodge: Dodged            ||    27
